 Dungeon Sprint DCSS version 0.18.1-48-g4cf74bf (webtiles) character file.

28 Joat the Conjurer (level 3, 0/19 HPs)
             Began as a Deep Elf Conjurer on Sept 7, 2016.
             Was a Believer of Vehumet.
             Slain by an iguana (5 damage)
             ... in the Dungeon (Sprint VII: "The Pits").
             The game lasted 00:04:18 (259 turns).

Joat the Conjurer (Deep Elf Conjurer)                Turns: 259, Time: 00:04:18

Health: 0/19       AC:  2    Str:  5    XL:     3   Next: 0%
Magic:  5/12       EV: 13    Int: 20    God:    Vehumet [**....]
Gold:   0          SH:  0    Dex: 15    Spells: 1 memorised, 13 levels left

rFire  . . .     SeeInvis .     q - staff of energy
rCold  . . .     Gourm    .     a - +0 robe
rNeg   . . .     Faith    .     (no shield)
rPois  .         Spirit   .     (no helmet)
rElec  .         Dismiss  .     (no cloak)
rCorr  .         Reflect  .     (no gloves)
SustAt .         Harm     .     (no boots)
MR     .....     NoTele   +     (no amulet)
Stlth  ++........               (no ring)
                                (no ring)

@: not resistant to hostile enchantments, unstealthy
A: no striking features
a: Renounce Religion


You were in the Dungeon.
You worshipped Vehumet.
Vehumet was pleased with you.
You were not hungry.

You visited 1 branch

Inventory:

Armour
 a - a +0 robe (worn)
Magical Staves
 q - an uncursed staff of energy (weapon)
Scrolls
 i - a scroll of blinking
 n - 3 scrolls of remove curse
 o - 5 scrolls of amnesia
 p - a scroll of summoning
Potions
 d - a potion of curing
 e - a potion of heal wounds
 f - a potion of haste
 g - 4 potions of magic
 h - 3 potions of berserk rage
 m - 2 potions of invisibility
Books
 b - a book of Conjurations

   Spells                             Type                      Level
   a - Magic Dart                     Conjuration                  1
   b - Searing Ray                    Conjuration                  2
   c - Dazzling Spray                 Conjuration/Hexes            3
   d - Fulminant Prism                Conjuration/Hexes            4
   e - Iskenderun's Mystic Blast      Conjuration                  4
   f - Iskenderun's Battlesphere      Conjuration/Charms           5
Comestibles
 c - 8 bread rations
 j - 5 chunks of flesh
 k - 40 fruits
 l - 7 meat rations


   Skills:
 - Level 2.4 Dodging
 - Level 2.4 Stealth
 + Level 6.1 Spellcasting
 + Level 6.5 Conjurations


You had 13 spell levels left.
You knew the following spells:

 Your Spells              Type           Power        Failure   Level  Hunger
a - Magic Dart            Conj           ####         1%          1    None


Dungeon Overview and Level Annotations

Branches:
Dungeon (1/1)

Altars:
Ashenzari
Cheibriados
Dithmenos
Elyvilon
Fedhas
Gozag
Kikubaaqudgha
Makhleb
Nemelex Xobeh
Okawaru
Pakellas
Qazlal
Ru
Sif Muna
Trog
Vehumet
Xom
Yredelemnul
Zin
The Shining One
Beogh
Jiyva
Lugonu

Annotations:
D Prince Ribbit


Message History

The phantom hits you. The iguana bites you.
* * * LOW HITPOINT WARNING * * *
Casting: Magic Dart
Confirm with . or Enter, or press ? or * to list all spells.
Aiming: Magic Dart
Press: ? - help, Shift-Dir - straight line, f/p - iguana
Aim: an iguana (severely wounded)
The magic dart hits the iguana.
The iguana is severely wounded.
The phantom blinks!
The iguana barely misses you.
Casting: Magic Dart
Confirm with . or Enter, or press ? or * to list all spells.
Aiming: Magic Dart
Press: ? - help, Shift-Dir - straight line, f/p - iguana
Aim: an iguana (severely wounded)
The magic dart hits the iguana.
The iguana is severely wounded.
Prince Ribbit asks, "Just a little smooch?"
The phantom blinks!
The iguana bites you.
You die...

#'#####'#####.....
#.#....÷# #.....
#.#...).# ####'#
#W###'### #.....
#.#.....# #.....
#.#.....# #.....
#.####+## #...<.
#§#5......S##.....
#@#g......J##.....
#l###########.....
#Fz...†.# ######
#..#W#..# #.##.# #
#.. .W #.# .## #..
F# #.. ..


You could see Prince Ribbit, a phantom, a flying skull and an iguana.

Vanquished Creatures
  A river rat (D)
  An adder (D)
  An adder skeleton (D)
  A giant cockroach (D)
  A hobgoblin (D)
  2 jackals (D)
  A giant newt (D)
8 creatures vanquished.

Notes
Turn   | Place    | Note
--------------------------------------------------------------
     0 | D        | Joat the Deep Elf Conjurer began the quest for the Orb.
     0 | D        | Reached XP level 1. HP: 10/10 MP: 6/6
    47 | D        | Found a sacrificial altar of Ru.
    47 | D        | Found a basalt altar of Yredelemnul.
    47 | D        | Found a shadowy altar of Dithmenos.
    47 | D        | Found a deep blue altar of Sif Muna.
    47 | D        | Found a burning altar of Makhleb.
    47 | D        | Found a shimmering altar of Xom.
    47 | D        | Found an ancient bone altar of Kikubaaqudgha.
    47 | D        | Found a sparkling altar of Nemelex Xobeh.
    48 | D        | Found a glowing golden altar of the Shining One.
    48 | D        | Found a bloodstained altar of Trog.
    48 | D        | Found a shattered altar of Ashenzari.
    48 | D        | Found a white marble altar of Elyvilon.
    48 | D        | Found a snail-covered altar of Cheibriados.
    48 | D        | Found a blossoming altar of Fedhas.
    48 | D        | Found a radiant altar of Vehumet.
    48 | D        | Found a glowing silver altar of Zin.
    48 | D        | Found a corrupted altar of Lugonu.
    48 | D        | Found a viscous altar of Jiyva.
    48 | D        | Found a roughly hewn altar of Beogh.
    48 | D        | Found an iron altar of Okawaru.
    49 | D        | Found an oddly glowing altar of Pakellas.
    53 | D        | Found a stormy altar of Qazlal.
    53 | D        | Found an opulent altar of Gozag.
    55 | D        | Became a worshipper of Vehumet
    72 | D        | Reached skill level 5 in Conjurations
    74 | D        | Reached skill level 5 in Spellcasting
    74 | D        | Reached XP level 2. HP: 15/15 MP: 1/10
    83 | D        | Reached * piety under Vehumet
    83 | D        | Offered knowledge of Freeze by Vehumet.
   166 | D        | Noticed a water moccasin
   199 | D        | Reached ** piety under Vehumet
   248 | D        | Offered knowledge of Sting by Vehumet.
   248 | D        | Reached XP level 3. HP: 19/19 MP: 10/12
   250 | D        | Noticed Prince Ribbit
   251 | D        | Noticed a flying skull
   251 | D        | Noticed a phantom
   259 | D        | Slain by an iguana

Skill      XL: |  1  2 |
---------------+-------+-----
Spellcasting   | 5 6 |  6.1
Conjurations   | 5 6 |  6.5
Dodging        | |  2.4
Stealth        | |  2.4

Action                   || total
-------------------------++-------
Melee: Staff             ||     3
 Cast: Magic Dart        ||    21
Armor: Robe              ||     2
Dodge: Dodged            ||     8
